 Dungeon Crawl Stone Soup version 0.31-a0-662-g684573625c (webtiles) character file.

Game seed: 15967923355475743892

121587 Joey1 the Warrior (level 16, -2/162 HPs)
             Began as a Minotaur Fighter on Sept 1, 2023.
             Was the Champion of Okawaru.
             Hit by a silver javelin thrown by a merfolk javelineer (13 damage)
             ... on level 4 of the Shoals.
             The game lasted 01:50:21 (26822 turns).

Joey1 the Warrior (Minotaur Fighter)               Turns: 26822, Time: 01:50:22

Health: -2/162     AC: 21    Str: 33    XL:     16   Next: 32%
Magic:  19/26      EV: 10    Int:  5    God:    Okawaru [******]
Gold:   1160       SH: 35    Dex: 18    Spells: 15/15 levels left

rFire   . . .        o - +3 broad axe (flame)
rCold   . . .        c - +18 shield of the Gong {Loud rN+ Will+ rCorr EV-5}
rNeg    + + .        p - +7 ring mail of a Gauntlet {rPois Str+2 Slay+5}
rPois   +            J - +2 hat of the Maze {rElec rPois Str+3 Dex-2}
rElec   +            y - +0 cloak
rCorr   +            l - +0 pair of fencer's gloves {Riposte Dex+3}
SInv    .            N - +2 pair of boots of Poneinewn {rN+}
Will    ++...        t - amulet of reflection
Stlth   +            w - ring of poison resistance
HPRegen 0.47/turn    U - +6 ring of dexterity
MPRegen 0.20/turn

%: reflection
@: mighty, finesse-ful
A: horns 2, retaliatory headbutt
a: Renounce Religion, Heroism, Finesse, Duel


You were on level 4 of the Shoals.
You worshipped Okawaru.
Okawaru was exalted by your worship.
You visited 5 branches of the dungeon, and saw 22 of its levels.

You collected 2244 gold pieces.
You spent 1084 gold pieces at shops.

Inventory:

Hand Weapons
 o - a +3 broad axe of flaming (weapon)
 G - a +0 demon whip of venom
 Y - a +1 flail of protection
Missiles
 h - 39 poisoned darts (quivered)
 v - 2 throwing nets
 R - 2 javelins
Armour
 c - the +18 shield of the Gong (worn) {Loud rN+ Will+ rCorr EV-5}
   (You found it on level 3 of the Lair of Beasts)

   Loud:      It is deafeningly noisy when blocking attacks.
   EV-5:      It affects your evasion (-5).
   rN+:       It protects you from negative energy.
   Will+:     It increases your willpower.
   rCorr:     It protects you from acid and corrosion.
 l - the +0 pair of fencer's gloves (worn) {Riposte Dex+3}
   (Okawaru gifted it to you on level 4 of the Lair of Beasts)

   Riposte:   It allows the wearer to riposte with melee weapons, swiftly
   retaliating against missed or blocked melee attacks.
   Dex+3:     It affects your dexterity (+3).
 p - the +7 ring mail of a Gauntlet (worn) {rPois Str+2 Slay+5}
   (You found it on level 10 of the Dungeon)

   Str+2:     It affects your strength (+2).
   Slay+5:    It affects your accuracy & damage with ranged weapons and melee
   (+5).
   rPois:     It protects you from poison
 y - a +0 cloak (worn)
 J - the +2 hat of the Maze (worn) {rElec rPois Str+3 Dex-2}
   (Okawaru gifted it to you on level 2 of the Shoals)

   Str+3:     It affects your strength (+3).
   Dex-2:     It affects your dexterity (-2).
   rElec:     It insulates you from electricity.
   rPois:     It protects you from poison
 N - the +2 pair of boots of Poneinewn (worn) {rN+}
   (Okawaru gifted it to you on level 5 of the Lair of Beasts)

   rN+:       It protects you from negative energy.
 X - a +1 hat of see invisible
Jewellery
 s - an amulet of regeneration
 t - an amulet of reflection (around neck)
 w - a ring of poison resistance (left hand)
 x - an amulet of guardian spirit
 A - a ring of fire
 Q - a ring of willpower
 U - a +6 ring of dexterity (right hand)
Wands
 b - a wand of roots (18)
 i - a wand of flame (15)
 B - a wand of polymorph (20)
 L - a wand of quicksilver (8)
 Z - a wand of digging (4)
Scrolls
 e - 5 scrolls of teleportation
 f - 3 scrolls of enchant armour
 g - 3 scrolls of immolation
 j - a scroll of revelation
 m - 6 scrolls of blinking
 r - 2 scrolls of fog
 z - a scroll of fear
 I - 2 scrolls of amnesia
 M - 3 scrolls of silence
 P - 2 scrolls of brand weapon
 S - 2 scrolls of acquirement {unknown}
 T - 3 scrolls of poison {unknown}
Potions
 a - 2 potions of magic {unknown}
 d - 4 potions of might
 k - 10 potions of curing
 n - a potion of berserk rage {unknown}
 q - 2 potions of lignification
 u - 2 potions of brilliance {unknown}
 D - 2 potions of resistance {unknown}
 E - a potion of haste {unknown}
 F - a potion of ambrosia {unknown}
 H - a potion of enlightenment {unknown}
 K - 3 potions of attraction
 O - a potion of mutation {unknown}
 V - 3 potions of invisibility
Miscellaneous
 W - a condenser vane


   Skills:
 + Level 19.9 Fighting
 - Level 18.0 Axes
 - Level 3.0 Throwing
 - Level 8.0 Armour
 - Level 8.0 Dodging
 - Level 10.0 Shields
 - Level 15.0 Invocations
 - Level 4.0 Evocations


You had 15 spell levels left.
You didn't know any spells.
Your spell library contained the following spells:

 Spells                   Type           Power      Damage    Failure   Level
 Sandblast                Erth           0%         2d4       71%         1
 Shock                    Conj/Air       0%         1d3       71%         1
 Lesser Beckoning         Tloc           0%         N/A       85%         2
 Passwall                 Tmut/Erth      0%         N/A       85%         2
 Poisonous Vapours        Pois/Air       0%         N/A       85%         2
 Gell's Gravitas          Tloc           0%         N/A       97%         3
 Ignite Poison            Fire/Tmut/Pois 0%         N/A       97%         3
 Mephitic Cloud           Conj/Pois/Air  0%         N/A       97%         3
 Portal Projectile        Hex/Tloc       0%         N/A       97%         3
 Stone Arrow              Conj/Erth      0%         3d7       97%         3
 Swiftness                Air            0%         N/A       97%         3
 Teleport Other           Tloc           0%         N/A       97%         3
 Volatile Blastmotes      Fire/Tloc      0%         2d10      97%         3
 Flame Wave               Conj/Fire      0%         2d4       100%        4
 Iskenderun's Mystic Bla  Conj/Tloc      0%         2d3       100%        4
 Sticky Flame             Conj/Fire      0%         2d3       100%        4
 Freezing Cloud           Conj/Ice/Air   0%         6-21      100%        5
 Irradiate                Conj/Tmut      0%         3d11      100%        5
 Eringya's Noxious Bog    Tmut/Pois      0%         4d6       100%        6
 Ignition                 Fire           0%         3d3       100%        8
 Tukima's Dance           Hex            Unusable   N/A       N/A         3

Dungeon Overview and Level Annotations

Branches:
Dungeon (10/15)            Temple (1/1) D:4            Lair (5/5) D:9
 Shoals (4/4) Lair:3       Spider (0/4) Lair:2        Slime (0/5) Lair:5
    Orc (2/2) D:10            Elf (0/3) Orc:2

Altars:
Ashenzari
Cheibriados
Dithmenos
Elyvilon
Fedhas
Gozag
Hepliaklqana
Kikubaaqudgha
Makhleb
Nemelex Xobeh
Okawaru
Qazlal
Ru
Sif Muna
Trog
Uskayaw
Vehumet
Wu Jian
Xom
Yredelemnul
Zin
The Shining One
Jiyva

Shops:
D:10 ([   Orc:2 =[[([   Shoals:2 :?   Shoals:3 :

Annotations:
D:6 1 runed translucent door, Crazy Yiuf
Orc:1 6 transporters


Innate Abilities, Weirdness & Mutations

You have a pair of horns on your head.
You reflexively headbutt those who attack you in melee.


Message History

You block the manticore's attack.
BOUMMMMG!
You block the manticore's attack.
GONNNNG!
You riposte.
You slice the manticore!! You burn the manticore.
You kill the manticore!
Okawaru accepts your kill. Okawaru crowns you victorious!
An exit appears.
Found a manticore corpse.
Found a gate leading back out of this place.
There is an empty arch of ancient stone here.
You start resting.
The spectator cheers repeatedly.
You carefully extract the barbed spikes from your body.
You start resting.
Okawaru bids you farewell from the Arena.
You start resting.
You are returned from the Arena.
Welcome back to the Shoals!
Splash!
You fall into the shallow water.
Moving in this stuff is going to be slow. 2 dream sheep come into view.
You block the merfolk's attack.
GONNNNG!
You block the merfolk's attack.
GONNNNG!
The merfolk javelineer throws a silver javelin.
The silver javelin pierces through you but does no damage.
* * * LOW HITPOINT WARNING * * *
The silver javelin pierces through the merfolk!!
You hear a bleat!
Blink to where?
Press: ? - help, Dir - move target
As you read the scroll of blinking, it crumbles to dust.
You feel like a meek peon again.
The merfolk avatar chants a haunting song.
You resist.
The merfolk javelineer throws a silver javelin.
The silver javelin pierces through you!
You die...

~~~...).[~..# #..~~..#
~~mm....(~~.###.~~≈m~#
~....#[)(~~~.#..~~≈≈≈#
≈......<~~≈~~..~~~~~~#
≈.......~†~≈≈≈≈≈~~~~~##
≈.(##..~†~~≈≈~~~~~~~~.##
..# #..~~~≈~(~~(~~~~...#
. ##.m~)(≈m~~~(~~~~....
.~~~m~~~~~~~~~@.....#
.~~~~~~~~~~~÷.÷##..##
~~~~~~~~†~~~m~~... ...t
..~~~~~~~§~~m~~..... ..
.~~~~~~~~(~~(YY......
~.~~~..~~~~~~~~...[...
.~.....~~~~~~~.......
.......~~~~~~~......
........~~~~~~..


You could see a merfolk avatar, a merfolk javelineer, a snapping turtle, 2
merfolk and 2 dream sheep.

Vanquished Creatures
  Gastronok (Lair:2)
  Ilsuiw (Shoals:3)
  3 orc warlords
  The ghost of autismninja the Severer, a journeyman HuFi of Hepliaklqana (Lair:5)
  An ettin (Orc:1)
  7 merfolk impalers
  A catoblepas (Lair:3)
  3 hydras
  A merfolk avatar (Shoals:1)
  2 alligator snapping turtles
  2 boulder beetles (Lair:3)
  A tengu warrior (D:10)
  4 two-headed ogres
  7 death yaks
  3 orc high priests (Orc:2)
  7 skysharks
  2 goliath frogs (Lair:5)
  Amaemon (D:8)
  6 sea snakes
  A deep elf pyromancer (D:10)
  A lindwurm (Lair:4)
  Pikel (D:5)
  6 orc knights
  6 harpies
  An ugly thing (D:10)
  9 cyclopes
  5 orc sorcerers
  A wolf spider (D:10)
  13 fauns
  8 manticores
  8 merfolk sirens
  7 elephants
  7 black mambas
  4 water nymphs
  An orange demon (D:8)
  24 cane toads
  3 rime drakes (Lair:2)
  9 komodo dragons
  A freezing wraith (D:10)
  23 merfolk
  5 wind drakes
  5 polar bears
  4 trolls
  3 tyrant leeches
  A hornet (D:10)
  27 blink frogs
  8 snapping turtles
  19 dream sheep
  3 slime creatures
  A jumping spider (Lair:2)
  75 yaks
  5 water elementals
  2 wraiths (D:9)
  10 basilisks
  8 wyverns
  A steam dragon (Lair:1)
  5 vampire mosquitoes (Lair:5)
  6 wargs
  2 acid dragons (D:9)
  19 water moccasins
  3 ice beasts
  34 orc warriors
  5 black bears
  2 sky beasts
  7 ogres
  A boggart (D:10)
  5 centaurs
  17 wolves
  4 lemures (D:5)
  2 phantoms (D:4)
  6 kobold brigands
  19 bullfrogs
  2 scorpions
  6 wights
  5 jellies
  7 killer bees
  6 electric eels
  9 howler monkeys
  9 hounds
  19 orc priests
  A sleepcap (D:6)
  5 iguanas
  30 orc wizards
  9 hell rats
  25 gnolls
  7 river rats (Lair:2)
  7 adders
  2 shadow imps
  2 white imps
  2 ufetubi (D:5)
  A worm (D:2)
  3 dart slugs
  101 orcs
  6 endoplasms
  3 giant cockroaches
  6 goblins
  3 hobgoblins
  18 jackals
  19 kobolds
  4 quokkas
  3 ball pythons
  2 bats
  4 frilled lizards
  6 rats
  A spectral weapon (Shoals:2)
840 creatures vanquished.

Vanquished Creatures (others)
  2 manticores (Shoals:1)
  A cyclops (Shoals:4)
  A water nymph (Shoals:4)
  A dream sheep (Shoals:4)
5 creatures vanquished.

Grand Total: 845 creatures vanquished

Notes
Turn   | Place    | Note
-------+----------+-------------------------------------------
     0 | D:1      | Joey1 the Minotaur Fighter began the quest for the Orb.
     0 | D:1      | Reached XP level 1. HP: 19/19 MP: 0/0
   315 | D:1      | Reached XP level 2. HP: 23/27 MP: 1/1
   651 | D:1      | Reached skill level 1 in Dodging
   892 | D:2      | Found a faded altar of an unknown god.
   932 | D:2      | Reached skill level 4 in Fighting
   932 | D:2      | Reached XP level 3. HP: 26/33 MP: 2/2
  1823 | D:3      | Reached XP level 4. HP: 40/41 MP: 3/3
  2260 | D:3      | Found a glowing silver altar of Zin.
  2260 | D:3      | Noticed an angel
  2321 | D:4      | Noticed a phantom
  2389 | D:4      | Noticed a kobold brigand
  2401 | D:4      | Killed a kobold brigand
  2402 | D:4      | Reached skill level 5 in Fighting
  2402 | D:4      | Reached XP level 5. HP: 15/48 MP: 4/4
  2692 | D:4      | Noticed a phantom
  2705 | D:4      | Killed a phantom
  2706 | D:4      | Reached skill level 5 in Axes
  2706 | D:4      | Reached XP level 6. HP: 52/56 MP: 5/5
  3077 | D:4      | Reached XP level 7. HP: 50/61 MP: 6/6
  3181 | D:4      | Found a staircase to the Ecumenical Temple.
  4202 | D:5      | Entered Level 5 of the Dungeon
  4248 | D:5      | Reached skill level 10 in Axes
  4248 | D:5      | Reached XP level 8. HP: 68/68 MP: 7/7
  4424 | D:5      | Found a shimmering altar of Xom.
  4738 | D:5      | Noticed Pikel
  4788 | D:5      | Killed Pikel
  5183 | D:5      | Reached XP level 9. HP: 72/74 MP: 8/8
  5492 | Temple   | Entered the Ecumenical Temple
  5518 | Temple   | Became a worshipper of Warmaster Okawaru
  6158 | D:6      | Reached * piety under Okawaru
  6377 | D:6      | Found a runed translucent door.
  6378 | D:6      | Noticed Crazy Yiuf
  6788 | D:7      | Reached skill level 15 in Axes
  7462 | D:7      | Reached ** piety under Okawaru
  7463 | D:7      | Reached XP level 10. HP: 81/81 MP: 7/9
  7466 | D:7      | Reached skill level 6 in Fighting
  7476 | D:7      | Reached skill level 7 in Fighting
  7793 | D:8      | Reached skill level 8 in Fighting
  7913 | D:8      | Noticed Amaemon
  8363 | D:8      | Reached skill level 9 in Fighting
  8371 | D:8      | Reached *** piety under Okawaru
  8641 | D:9      | Reached skill level 10 in Fighting
  8685 | D:9      | Reached skill level 1 in Invocations
  8685 | D:9      | Reached skill level 1 in Evocations
  8949 | D:9      | Noticed a two-headed ogre
  8953 | D:9      | Noticed an elephant
  8955 | D:9      | Killed a two-headed ogre
  8965 | D:9      | Reached XP level 11. HP: 68/99 MP: 7/12
  8967 | D:9      | Noticed a two-headed ogre
  8969 | D:9      | Reached **** piety under Okawaru
  8981 | D:9      | Killed a two-headed ogre
  8982 | D:9      | Reached skill level 5 in Invocations
  9300 | D:9      | Found a staircase to the Lair.
  9767 | Lair:1   | Entered Level 1 of the Lair of Beasts
  9813 | D:9      | Reached ***** piety under Okawaru
 10210 | Lair:1   | You fall into a shaft and drop 1 floor!
 10307 | Lair:1   | Reached skill level 5 in Shields
 10621 | Lair:1   | Reached skill level 11 in Fighting
 10990 | Lair:1   | Reached skill level 12 in Fighting
 11060 | Lair:1   | Received a gift from Okawaru
 11539 | Lair:2   | Noticed a skyshark
 11810 | Lair:1   | Killed a skyshark
 11977 | Lair:1   | Reached XP level 12. HP: 86/113 MP: 12/16
 12081 | Lair:2   | Reached skill level 13 in Fighting
 12193 | Lair:2   | Found a hole to the Spider Nest.
 12334 | Lair:2   | Noticed Gastronok
 12389 | Lair:2   | Reached ****** piety under Okawaru
 12574 | Lair:2   | Noticed a death yak
 13130 | Lair:2   | Identified the +0 swamp dragon scales "Xymeatyk" {rPois
                  | Slay+3} (Okawaru gifted it to you on level 2 of the Lair of
                  | Beasts)
 13130 | Lair:2   | Received a gift from Okawaru
 13131 | Lair:2   | Reached skill level 14 in Fighting
 13384 | Lair:2   | Killed a death yak
 13614 | Lair:2   | Noticed a five-headed hydra
 13637 | Lair:2   | Noticed a death yak
 13644 | Lair:2   | Noticed a death yak
 13650 | Lair:2   | Killed a death yak
 13651 | Lair:2   | Reached skill level 10 in Shields
 13658 | Lair:2   | Reached skill level 15 in Fighting
 13671 | Lair:2   | Killed a death yak
 13672 | Lair:2   | Reached skill level 1 in Throwing
 13727 | Lair:2   | Reached XP level 13. HP: 50/126 MP: 12/17
 13735 | Lair:2   | Reached skill level 5 in Dodging
 14094 | Lair:2   | Killed Gastronok
 14132 | Lair:2   | Received a gift from Okawaru
 15398 | Lair:3   | Reached skill level 5 in Armour
 15560 | Lair:3   | Found a staircase to the Shoals.
 15688 | Lair:3   | Found the +18 shield of the Gong {Loud rN+ Will+ rCorr
                  | EV-5}
 16028 | Lair:3   | Found a glowing silver altar of Zin.
 16352 | Lair:4   | Received a gift from Okawaru
 16462 | Lair:4   | Received a gift from Okawaru
 16462 | Lair:4   | Found the +0 pair of fencer's gloves {Riposte Dex+3}
 16500 | Lair:3   | Reached skill level 16 in Fighting
 17195 | Lair:5   | Entered Level 5 of the Lair of Beasts
 17283 | Lair:5   | Reached skill level 17 in Fighting
 17307 | Lair:5   | Reached XP level 14. HP: 92/140 MP: 15/18
 17850 | Lair:5   | Identified the +2 pair of boots of Poneinewn {rN+} (Okawaru
                  | gifted it to you on level 5 of the Lair of Beasts)
 17850 | Lair:5   | Received a gift from Okawaru
 17953 | Lair:5   | Found a runed translucent door.
 18007 | Lair:5   | Noticed autismninja's ghost (journeyman HuFi)
 18110 | Lair:5   | Killed autismninja's ghost
 18228 | Lair:5   | Found a staircase to the Slime Pits.
 18229 | Lair:5   | Found a viscous altar of Jiyva.
 18475 | Lair:5   | Identified the +4 sling of Shame {drain, Str+4}
 18622 | Lair:5   | Identified the +3 leather armour "Sakigem" {rN+++ Str-3}
 19000 | D:8      | Killed Amaemon
 19426 | D:10     | Entered Level 10 of the Dungeon
 19426 | D:10     | Found Wacaceb's Weapon Emporium.
 19430 | D:10     | Found a staircase to the Orcish Mines.
 19438 | D:10     | Found Xoqec's Armour Emporium.
 19913 | D:10     | Got the Dissertation on the Nimbus and Reconstruction
 19930 | D:10     | Identified the +6 shortbow "Vipruiss" {flame, Will++}
 19952 | D:10     | Got the Handbook of the Body and the Summer
 19953 | D:10     | Identified the +3 chain mail of the Special Ultimatums
                  | {*Corrode rElec Str+3}
 19970 | D:10     | Reached skill level 10 in Invocations
 19984 | D:10     | Identified the +5 long sword of Frustration {heavy, Will+
                  | Int+4 Dex+3 Stlth+}
 20219 | D:10     | Identified the +7 ring mail of a Gauntlet {rPois Str+2
                  | Slay+5}
 20809 | Lair:2   | Received a gift from Okawaru
 20971 | Orc:1    | Entered Level 1 of the Orcish Mines
 20971 | Orc:1    | Noticed a juggernaut
 20971 | Orc:1    | Found a sparkling altar of Nemelex Xobeh.
 20971 | Orc:1    | Found a transporter.
 20971 | Orc:1    | Found a transporter.
 20971 | Orc:1    | Found a transporter.
 20971 | Orc:1    | Found a transporter.
 20971 | Orc:1    | Found a transporter.
 20971 | Orc:1    | Found a transporter.
 20993 | Orc:1    | Noticed an orc warlord
 21025 | D:10     | Killed an orc warlord
 21175 | Orc:1    | Noticed an orc warlord
 21246 | Orc:1    | Killed an orc warlord
 21361 | Orc:1    | Reached XP level 15. HP: 117/147 MP: 22/22
 21611 | Orc:2    | Entered Level 2 of the Orcish Mines
 21611 | Orc:2    | Found a staircase to the Elven Halls.
 21611 | Orc:2    | Found Xiwul's Antique Armour Emporium.
 22313 | Orc:2    | Found Afoiddeme's Antique Weapon Shoppe.
 22323 | Orc:2    | Found Eplueg Pymuk's Armour Boutique.
 22338 | Orc:2    | Found Qempehen's Jewellery Boutique.
 22340 | Orc:2    | Found Umiy's Armour Shoppe.
 22661 | Orc:2    | Bought an amulet of reflection for 420 gold pieces
 22661 | Orc:2    | Bought a ring of poison resistance for 280 gold pieces
 22847 | Shoals:1 | Entered Level 1 of the Shoals
 22851 | Shoals:1 | Received a gift from Okawaru
 22859 | Shoals:1 | Received a gift from Okawaru
 24077 | Shoals:2 | Reached skill level 15 in Invocations
 24119 | Shoals:2 | Identified the +2 hat of the Maze {rElec rPois Str+3 Dex-2}
                  | (Okawaru gifted it to you on level 2 of the Shoals)
 24119 | Shoals:2 | Received a gift from Okawaru
 24293 | Shoals:2 | Identified the ring of Ufiuhos {Ice Int+4}
 24368 | Shoals:2 | Found Kypsaul's Magic Scroll Boutique.
 24372 | Shoals:2 | Bought a scroll of teleportation for 48 gold pieces
 24372 | Shoals:2 | Bought a scroll of revelation for 120 gold pieces
 24372 | Shoals:2 | Bought a scroll of identify for 32 gold pieces
 24372 | Shoals:2 | Bought a scroll of identify for 32 gold pieces
 24372 | Shoals:2 | Bought a scroll of enchant weapon for 120 gold pieces
 24372 | Shoals:2 | Bought a scroll of identify for 32 gold pieces
 24546 | Shoals:2 | Found Ithroj's Book Emporium.
 24842 | Shoals:3 | Reached skill level 18 in Fighting
 24856 | Shoals:3 | Noticed Ilsuiw
 24883 | Shoals:3 | HP: 7/150 [alligator snapping turtle (6)]
 24992 | Shoals:3 | Killed Ilsuiw
 24993 | Shoals:3 | Reached XP level 16. HP: 82/159 MP: 19/26
 25623 | Shoals:3 | Found Gum Cec's Book Emporium.
 25899 | Shoals:4 | Entered Level 4 of the Shoals
 25928 | Shoals:4 | Reached skill level 19 in Fighting
 26273 | Shoals:3 | Received a gift from Okawaru
 26798 | Shoals:4 | Received a gift from Okawaru
 26803 | Shoals:4 | HP: 4/162 [merfolk javelineer/silver javelin (11)]
 26804 | Arena    | Entered the Arena
 26822 | Shoals:4 | Hit by a silver javelin thrown by a merfolk javelineer

Illustrated notes

Levels and vault maps discovered:
D:1:      dreamdust_arrival_sigmund_warning, layout_loops_corners
D:2:      layout_loops_ring, ebering_ecumenical_altar_petrified
D:3:      layout_basic, zin_angel
D:4:      lemuel_castle_with_subvaults [lemuel_castle_interior_original],
          layout_loops_ring, minmay_temple_entry_from_below_a, minivault_25,
          hangedman_abyss_or_decor_jellyfish_corner
D:5:      minmay_diamond_boxcup, layout_loops_corners,
          mainiacjoe_overflow_cross_hatched, uniq_pikel
D:6:      layout_gridville, uniq_crazy_yiuf_cottage
D:7:      layout_cave_pools, lemuel_flamethrower_2
D:8:      layout_gridville, minivault_14, uniq_amaemon
D:9:      layout_loops_corners, david_lair_generic
D:10:     minmay_the_grid_square_5x5_4x4 [minmay_the_grid_square_5x5_two,
          minmay_the_grid_square_5x5_two_walls_a,
          minmay_the_grid_square_5x5_dogpile,
          minmay_the_grid_square_5x5_tetrominoes,
          minmay_the_grid_square_5x5_forky,
          minmay_the_grid_square_5x5_prize_waves,
          minmay_the_grid_square_5x5_prize_snowflake,
          minmay_the_grid_square_5x5_checkered,
          minmay_the_grid_square_5x5_three_walls,
          minmay_the_grid_square_5x5_prize_junk,
          minmay_the_grid_square_5x5_prize_pseudospiral,
          minmay_the_grid_square_5x5_three,
          minmay_the_grid_square_5x5_almost_minimal,
          minmay_the_grid_square_5x5_two_walls_b,
          minmay_the_grid_square_5x5_hourglass,
          minmay_the_grid_square_5x5_longway], layout_stronghold, orc_david_3
Temple:   mainiacjoe_temple_cubbyholes
Lair:1:   layout_chaotic_city, grunt_forest_large_clearings,
          infiniplex_staircase_pool_2, serial_bayou_shore_a, grunt_megastairs_4
Lair:2:   nzn_winding_woodlands_large [nzn_winding_woodlands_5x5_open_star,
          nzn_winding_woodlands_5x15_twine, nzn_winding_woodlands_5x5_default,
          nzn_winding_woodlands_center_pierced_h,
          nzn_winding_woodlands_15x15_killbox,
          nzn_winding_woodlands_center_lodge,
          nzn_winding_woodlands_5x5_perimeter,
          nzn_winding_woodlands_5x15_lazy_stream,
          nzn_winding_woodlands_5x5_three], layout_misc_corridors,
          spider_nest_entry_rubble, kennysheep_rathole, uniq_gastronok
Lair:3:   layout_roguey, shoals_dummy_entry, basic_altar, st_stairs_8
Lair:4:   layout_hall_layers, grunt_megastairs_5
Lair:5:   minmay_lair_end_frog_pond, layout_regular_city,
          minmay_slime_entry_pillars, hellmonk_ghost_happy_afterlife
Shoals:1: layout_shoals
Shoals:2: dreamdust_from_the_deep, layout_shoals, serial_shops, shop,
          nicolae_shop_back_alley_shop
Shoals:3: layout_shoals, serial_shops, shop, uniq_ilsuiw
Shoals:4: shoals_end_hangedman, layout_shoals
Orc:1:    layout_caves, hellmonk_jugg_or_not
Orc:2:    st_orc_elflike, layout_caves, serial_shops, shop

Skill      XL: |  1  2  3  4  5  6  7  8  9 10 11 12 13 14 15 16 |
---------------+-------------------------------------------------+-----
Dodging        | 1 2 3 4 8 |  8.0
Armour         | 4 8 |  8.0
Fighting       | 4 5 10 12 15 17 18 19 | 19.9
Shields        | 4 6 10 | 10.0
Axes           | 3 4 5 7 10 12 16 18 | 18.0
Invocations    | 3 7 11 15 | 15.0
Evocations     | 3 4 |  4.0
Throwing       | 3 |  3.0

Action                     |  1- 3 |  4- 6 |  7- 9 | 10-12 | 13-15 | 16-18 || total
---------------------------+-------+-------+-------+-------+-------+-------++-------
  Melee: War axe           |    81 |   114 |   401 |   629 |   376 |       ||  1601
         Headbutt          |     8 |    19 |    59 |   146 |   345 |    27 ||   604
         Broad axe         |       |       |       |       |   718 |    93 ||   811
         Flail             |       |       |       |       |     8 |       ||     8
         Demon whip        |       |       |       |       |     4 |       ||     4
  Throw: Dart              |       |       |     9 |       |       |       ||     9
 Invoke: Heroism           |       |       |       |     1 |     1 |     2 ||     4
         Finesse           |       |       |       |       |     1 |     1 ||     2
         Duel              |       |       |       |       |       |     1 ||     1
    Use: Scroll            |       |       |     4 |     5 |    18 |     4 ||    31
         Potion            |       |       |       |       |     1 |     3 ||     4
 Armour: Scale mail        |    32 |       |       |       |       |       ||    32
         Chain mail        |    19 |    79 |   242 |   102 |       |       ||   442
         Plate armour      |       |       |       |   380 |   312 |       ||   692
         Ring mail         |       |       |       |       |   166 |    90 ||   256
  Dodge: Dodged            |    40 |    46 |   128 |   164 |   108 |    35 ||   521
  Block: Buckler           |    11 |     9 |    57 |    37 |       |       ||   114
         Kite shield       |       |       |       |   154 |  1045 |   215 ||  1414
         Reflection        |       |       |       |       |    77 |    21 ||    98
Riposte: War axe           |       |       |       |       |    32 |       ||    32
         Broad axe         |       |       |       |       |   215 |    33 ||   248
         Flail             |       |       |       |       |     4 |       ||     4
         Demon whip        |       |       |       |       |     1 |       ||     1

Table legend: (Time is in decaauts)
 A = Elapsed time spent in this place.
 B = Non-inter-level travel time spent in this place.
 C = Inter-level travel time spent in this place.
 D = Time resting spent in this place.
 E = Time spent auto-exploring this place.
 F = Levels seen in this place.
 G = Mean time per level.
                   A        B        C        D        E       F      G
               +--------+--------+--------+--------+--------+-----+--------+
         Total |  26755 |  24717 |   2038 |   6075 |  12336 |  23 | 1163.3 |
       Dungeon |  12431 |  11566 |    865 |   1932 |   6601 |  10 | 1243.1 |
        Temple |     50 |      2 |     48 |      0 |      0 |   1 |   50.0 |
          Lair |   8735 |   8052 |    683 |   2571 |   3297 |   5 | 1747.0 |
        Shoals |   3915 |   3616 |    299 |   1178 |   1725 |   4 |  978.8 |
  Orcish Mines |   1606 |   1465 |    141 |    377 |    713 |   2 |  803.0 |
         Arena |     16 |     16 |      0 |     16 |      0 |   1 |   16.0 |
               +--------+--------+--------+--------+--------+-----+--------+

Top non-repeatable levels by time:
  Lair:1: 2340 daAuts
  Lair:2: 2243 daAuts
Shoals:3: 1917 daAuts
     D:4: 1910 daAuts
     D:9: 1865 daAuts
  Lair:3: 1830 daAuts
     D:8: 1571 daAuts
     D:5: 1343 daAuts
    D:10: 1313 daAuts
     D:6: 1230 daAuts
  Lair:5: 1187 daAuts
  Lair:4: 1133 daAuts
Shoals:1: 1037 daAuts
   Orc:1: 969 daAuts
     D:1: 868 daAuts
